 Dungeon Crawl Stone Soup version 0.26-a0-651-gb41185065b (webtiles) character file.

Game seed: 10508484914300959021

868 sahdkjhfkaj the Frost Mage (level 8, -6/52 HPs)
             Began as a Human Ice Elementalist on Sept 30, 2020.
             Mangled by an ice beast (13 damage)
             ... on level 5 of the Dungeon.
             The game lasted 00:11:05 (6044 turns).

sahdkjhfkaj the Frost Mage (Human Ice Elementalist) Turns: 6044, Time: 00:11:06

Health: -6/52      AC:  4    Str: 10    XL:     8   Next: 23%
Magic:  6/15       EV: 12    Int: 17    God:
Gold:   193        SH:  0    Dex: 13    Spells: 8/16 levels left

rFire    . . .     SeeInvis .   (no weapon)
rCold    . . .     Faith    .   (no shield)
rNeg     . . .     Spirit   .   a - +0 robe
rPois    .         Reflect  .   (no helmet)
rElec    .         Harm     .   (no cloak)
rCorr    .         Rampage  .   (no gloves)
MR       .....                  c - +1 pair of boots
Stlth    ++........             e - amulet of the acrobat
HPRegen  0.17/turn              (no ring)
MPRegen  0.14/turn              (no ring)

@: no status effects
A: no striking features
a: no special abilities


You were on level 5 of the Dungeon.
You visited 1 branch of the dungeon, and saw 5 of its levels.
You also visited: Sewer.

You collected 193 gold pieces.

Inventory:

Armour
 a - a +0 robe (worn)
 c - a +1 pair of boots (worn)
Jewellery
 e - an amulet of the acrobat (around neck)
 h - an uncursed ring of magical power {unknown}
Scrolls
 b - 3 scrolls of fog
 f - 5 scrolls of remove curse
 j - 2 scrolls of magic mapping
 k - a scroll of enchant armour
 l - a scroll of teleportation
 n - a scroll of fear
 p - a scroll of blinking
Potions
 d - 2 potions of heal wounds
 g - a potion of resistance {unknown}
 i - a potion of lignification {unknown}
 m - 2 potions of might {unknown}
 o - 2 potions of magic {unknown}
 q - a potion of curing {unknown}


   Skills:
 - Level 2.0 Dodging
 - Level 2.0 Stealth
 + Level 4.6 Spellcasting
 * Level 8.5 Ice Magic


You had 8 spell levels left.
You knew the following spells:

 Your Spells              Type           Power        Failure   Level
a - Freeze                Ice            ####         1%          1
b - Frozen Ramparts       Ice            ####..       1%          3
i - Summon Ice Beast      Ice/Summ       ###.....     26%         4

Your spell library contained the following spells:

 Spells                   Type           Power        Failure   Level
 Ozocubu's Armour         Ice            ####....     1%          3
 Hailstorm                Conj/Ice       ###.....     26%         4


Dungeon Overview and Level Annotations

Branches:
Dungeon (5/15)              Sewer (visited)
 Temple: D:4-7

Altars:
Kikubaaqudgha
Nemelex Xobeh

Shops:
D:4 [


Message History

Attack!
The ice beast barely misses you. The shadow imp hits you.
* * * LOW HITPOINT WARNING * * *
Your ice beast barely misses the ice beast.
Unknown command.
You hit the ice beast but do no damage.
The ice beast is moderately wounded.
The ice beast hits you but does no damage.
The shadow imp hits you but does no damage.
Your ice beast hits the ice beast but does no damage.
You hit the ice beast but do no damage.
The ice beast is moderately wounded.
The ice beast closely misses you. The shadow imp closely misses you.
Your ice beast barely misses the ice beast.
Unknown command.
You hit the ice beast but do no damage.
The ice beast is moderately wounded.
The ice beast hits you.
* * * LOW HITPOINT WARNING * * *
The ice beast freezes you!
You die...

..... .....
...... .5!..
.....###########.
#...#@<.......
#..5.Y....###
#..#..Y.....#
#............
#.....[.......
#.............
#...........?.
.[............
#............


You could see an ice beast, a shadow imp and a friendly ice beast (summoned).

Vanquished Creatures
  An ogre (D:4)
  A big kobold (Sewer)
  4 hounds
  2 orc wizards (D:4)
  2 orc priests (D:4)
  An iguana (D:4)
  2 worker ants
  Robin (D:4)
  4 gnolls (D:3)
  7 adders
  A river rat (Sewer)
  5 oozes
  3 worms
  A dart slug (D:1)
  4 leopard geckos
  8 orcs
  8 bats
  A bat zombie (D:4)
  7 giant cockroaches
  13 goblins
  16 hobgoblins
  6 jackals
  9 kobolds
  2 quokkas
  2 ball pythons
  2 frilled lizards
  8 rats
  2 rat zombies (D:4)
123 creatures vanquished.

Vanquished Creatures (collateral kills)
  Eustachio (D:4)
  A bullfrog skeleton (D:4)
  A centaur skeleton (D:4)
3 creatures vanquished.

Grand Total: 126 creatures vanquished

Notes
Turn   | Place    | Note
-------+----------+-------------------------------------------
     0 | D:1      | sahdkjhfkaj the Human Ice Elementalist began the quest for
                  | the Orb.
     0 | D:1      | Reached XP level 1. HP: 13/13 MP: 3/3
   175 | D:1      | Reached XP level 2. HP: 17/19 MP: 0/5
   522 | D:1      | Reached XP level 3. HP: 11/24 MP: 2/6
   634 | D:1      | Reached skill level 5 in Ice Magic
   852 | D:1      | Learned a level 3 spell: Frozen Ramparts
  1453 | D:2      | Reached XP level 4. HP: 28/30 MP: 3/7
  1788 | D:2      | Found a sparkling altar of Nemelex Xobeh.
  2386 | D:3      | Reached XP level 5. HP: 35/35 MP: 2/8
  2462 | D:3      | Learned a level 4 spell: Summon Ice Beast
  3108 | D:3      | Reached skill level 6 in Ice Magic
  3187 | D:3      | Found a sparkling altar of Nemelex Xobeh.
  3274 | D:3      | Reached XP level 6. HP: 31/41 MP: 5/10
  3796 | D:4      | Noticed Robin
  3815 | D:4      | Noticed Eustachio
  3816 | D:4      | Killed Robin
  3816 | D:4      | Reached skill level 7 in Ice Magic
  3865 | D:4      | Killed Eustachio
  3865 | D:4      | Reached XP level 7. HP: 11/46 MP: 1/12
  4085 | D:4      | Found Siroh's Antique Armour Shoppe.
  4100 | D:4      | Found a glowing drain.
  4130 | Sewer    | Entered a sewer
  5110 | D:4      | Found an ancient bone altar of Kikubaaqudgha.
  5340 | D:4      | Reached skill level 8 in Ice Magic
  5446 | D:4      | Reached XP level 8. HP: 49/52 MP: 8/14
  6017 | D:5      | Entered Level 5 of the Dungeon
  6044 | D:5      | Mangled by an ice beast

Illustrated notes

Levels and vault maps discovered:
D:1:      lordsloth_arrival_two_stooges, layout_rooms
D:2:      layout_loops_cross, nemelex_dance_club_becter
D:3:      layout_loops_ring, overflow_temple_1_default, cheibrodos_gnoll_hut
D:4:      layout_cave_pods, lemuel_zombie_altar_kikubaaqudgha,
          portal_sewer_entry_d, serial_shops, shop, uniq_eustachio, uniq_robin
D:5:      layout_cave_pods, zin_angel,
          chequers_temple_overflow_statue_of_worship, minmay_misc_feat_chi

Skill      XL: |  1  2  3  4  5  6  7 |
---------------+----------------------+-----
Ice Magic      | 5 6 7 8 |  8.5
Spellcasting   | 3 4 |  4.6
Dodging        | |  2.0
Stealth        | |  2.0

Action                   |  1- 3 |  4- 6 |  7- 9 || total
-------------------------+-------+-------+-------++-------
Melee: Unarmed           |    17 |     1 |    31 ||    49
 Cast: Freeze            |    52 |    19 |    24 ||    95
       Frozen Ramparts   |     7 |    30 |    25 ||    62
       Summon Ice Beast  |       |     2 |     2 ||     4
  Use: Scroll            |     1 |     4 |     6 ||    11
       Potion            |       |       |     2 ||     2
 Stab: Sleeping          |     1 |       |       ||     1
Armor: Robe              |    13 |    15 |    27 ||    55
Dodge: Dodged            |    46 |    87 |   101 ||   234

Table legend: (Time is in decaauts)
 A = Elapsed time spent in this place.
 B = Non-inter-level travel time spent in this place.
 C = Inter-level travel time spent in this place.
 D = Time resting spent in this place.
 E = Time spent auto-exploring this place.
 F = Levels seen in this place.
 G = Mean time per level.
                   A        B        C        D        E       F      G
               +--------+--------+--------+--------+--------+-----+--------+
         Total |   6108 |   5897 |    211 |    401 |   4407 |   6 | 1018.0 |
       Dungeon |   5494 |   5283 |    211 |    401 |   3956 |   5 | 1098.8 |
         Sewer |    614 |    614 |      0 |      0 |    451 |   1 |  614.0 |
               +--------+--------+--------+--------+--------+-----+--------+

Top non-repeatable levels by time:
     D:4: 1824 daAuts
     D:3: 1305 daAuts
     D:1: 1270 daAuts
     D:2: 1067 daAuts
   Sewer: 614 daAuts
     D:5: 26 daAuts
